 Dungeon Crawl Stone Soup version 0.29.0-4-gdea44cf6ec (webtiles) character file.

Game seed: 2426035055824938630

80 qw the Chopper (level 4, 0/26 HPs)
             Began as a Tengu Warper on Aug 28, 2022.
             Succumbed to a kobold's poison
             ... on level 3 of the Dungeon.
             The game lasted 00:00:14 (2491 turns).

qw the Chopper (Tengu Warper)                       Turns: 2491, Time: 00:00:14

Health: 0/26       AC:  7    Str: 13    XL:     4   Next: 39%
Magic:  8/8        EV:  9    Int: 14    God:
Gold:   95         SH:  5    Dex: 13    Spells: 7/7 levels left

rFire   . . .      SeeInvis .   Y - +0 hand axe
rCold   . . .      Faith    .   (no shield)
rNeg    . . .      Spirit   .   j - +0 scale mail
rPois   .          Reflect  +   (helmet restricted)
rElec   .          Harm     .   (no cloak)
rCorr   .          Rampage  .   f - +0 pair of gloves
Will    .....                   (boots unavailable)
Stlth   ..........              d - amulet of reflection
HPRegen 0.08/turn               (no ring)
MPRegen 0.11/turn               (no ring)

@: lethally poisoned (0 -> -8)
A: beak, talons 3
a: no special abilities


You were on level 3 of the Dungeon.
You visited 1 branch of the dungeon, and saw 3 of its levels.

You collected 95 gold pieces.


Innate Abilities, Weirdness & Mutations

You have a beak for a mouth.
You have claws for feet.


   Skills:
 - Level 2.0 Fighting
 + Level 5.0 Axes
 - Level 1.0 Throwing
 - Level 1.1 Armour
 - Level 2.1 Dodging
 - Level 2.0 Spellcasting
 - Level 2.4 Translocations


You had 7 spell levels left.
You didn't know any spells.
Your spell library contained the following spells:

 Spells                   Type           Power      Damage    Failure   Level
 Blink                    Tloc           16%        N/A       54%         2
 Gell's Gravitas          Tloc           8%         N/A       78%         3
 Lesser Beckoning         Tloc           8%         N/A       78%         3
 Teleport Other           Tloc           8%         N/A       78%         3
 Manifold Assault         Tloc           8%         N/A       100%        5

Inventory:

Hand Weapons
 k - a +0 morningstar
 Y - a +0 hand axe (weapon)
Armour
 f - a +0 pair of gloves (worn)
 j - a +0 scale mail (worn)
Jewellery
 d - an amulet of reflection (around neck)
 e - a ring of fire
Potions
 g - a potion of might {unknown}

Dungeon Overview and Level Annotations

Branches:
Dungeon (3/15)

Altars:

Shops:
D:1 :


Message History

You feel very sick.
2475 ||| FLEEEEING.
You feel very sick.
2476 ||| FLEEEEING.
You feel very sick.
2477 ||| FLEEEEING.
You feel sick.
2478 ||| FLEEEEING.
You feel sick.
2479 ||| FLEEEEING.
You feel sick.
2480 ||| FLEEEEING.
You feel sick.
2481 ||| FLEEEEING.
You feel sick.
Things that are here:
a +0 dagger; a kobold corpse
2482 ||| FLEEEEING.
You feel sick.
2483 ||| FLEEEEING.
You feel sick.
2484 ||| FLEEEEING.
You feel sick.
You are no longer poisoned.
2485 ||| FLEEEEING.
The kobold throws a poisoned dart.
You reflect the poisoned dart off an invisible shield around you!
The poisoned dart closely misses the kobold.
2486 ||| FLEEEEING.
2487 ||| FLEEEEING.
2488 ||| FLEEEEING.
2489 ||| FLEEEEING.
The kobold throws a poisoned dart.
The poisoned dart hits you!
You are lethally poisoned!
You see here a dart slug corpse.
2490 ||| FLEEEEING.
You feel very sick.
There is a stone staircase leading up here.
2491 ||| STAIRDANCE You die...

#. #.# #.# #.#
######.#####
#..........###########.
#........K...........
##.#.#..%##.####)#######
.......@.##.# #.#
##.#.##..##.# #.# #
#..##.# #.# #..##.# #.#
......# #.# ....### #.##
...... ###..## .......
#.....# +...........


There were no monsters in sight!

Vanquished Creatures
  An adder (D:2)
  A worm (D:2)
  3 dart slugs
  3 orcs (D:2)
  3 bats
  3 endoplasms
  3 giant cockroaches
  3 goblins (D:2)
  7 hobgoblins
  7 jackals (D:1)
  3 quokkas
  3 ball pythons
  4 frilled lizards
  7 kobolds
  3 rats
54 creatures vanquished.

Vanquished Creatures (others)
  11 fungi (D:2)
  3 plants (D:2)
14 creatures vanquished.

Grand Total: 68 creatures vanquished

Notes
Turn   | Place    | Note
-------+----------+-------------------------------------------
     0 | D:1      | qw the Tengu Warper began the quest for the Orb.
     0 | D:1      | Reached XP level 1. HP: 12/12 MP: 4/4
     0 | D:1      | 0 ||| qw: Version: 0.1-a-89-g26bdef1
     0 | D:1      | 0 ||| qw: Game counter: 382
     0 | D:1      | 0 ||| qw: Always use a shield: true
     0 | D:1      | 0 ||| qw: God list: Okawaru
     0 | D:1      | 0 ||| qw: Allow faded altars: false
     0 | D:1      | 0 ||| qw: Do Orc after D:15 true
     0 | D:1      | 0 ||| qw: Do second Lair branch before Depths: true
     0 | D:1      | 0 ||| qw: Lair rune preference: random
     0 | D:1      | 0 ||| qw: Plans: Normal
     0 | D:1      | 0 ||| PLANNING D:1-11
    16 | D:1      | 16 ||| Stepping ~*~*~tactically~*~*~ (stealth).
    64 | D:1      | Reached skill level 3 in Axes
    64 | D:1      | Reached XP level 2. HP: 13/17 MP: 6/6
   291 | D:1      | 291 ||| DROPPING +0 club.
   306 | D:1      | Found Teofiufu's Book Boutique.
   322 | D:1      | 322 ||| Stepping ~*~*~tactically~*~*~ (stealth).
   324 | D:1      | 324 ||| Stepping ~*~*~tactically~*~*~ (stealth).
   377 | D:1      | HP: 4/17 [quokka (2)]
   411 | D:1      | 411 ||| Stepping ~*~*~tactically~*~*~ (stealth).
   421 | D:1      | HP: 4/17 [jackal (1)]
   429 | D:1      | HP: 1/17 [jackal (2)]
   870 | D:1      | 870 ||| Stepping ~*~*~tactically~*~*~ (hiding).
   972 | D:1      | 972 ||| Stepping ~*~*~tactically~*~*~ (hiding).
  1074 | D:1      | 1074 ||| Stepping ~*~*~tactically~*~*~ (hiding).
  1084 | D:1      | Reached XP level 3. HP: 16/21 MP: 7/7
  1423 | D:1      | 1423 ||| UPGRADING to +0 pair of gloves.
  1428 | D:1      | 1428 ||| UPGRADING to amulet of reflection.
  1433 | D:1      | 1433 ||| DROPPING scroll of blinking.
  1492 | D:2      | Reached skill level 4 in Axes
  1648 | D:2      | 1648 ||| Stepping ~*~*~tactically~*~*~ (stealth).
  1705 | D:2      | 1705 ||| Stepping ~*~*~tactically~*~*~ (stealth).
  1714 | D:2      | 1714 ||| Stepping ~*~*~tactically~*~*~ (stealth).
  1824 | D:2      | 1824 ||| DROPPING +0 whip.
  1973 | D:2      | 1973 ||| Stepping ~*~*~tactically~*~*~ (stealth).
  1976 | D:2      | 1976 ||| Stepping ~*~*~tactically~*~*~ (stealth).
  1994 | D:2      | Reached XP level 4. HP: 26/26 MP: 8/8
  2251 | D:2      | Found a faded altar of an unknown god.
  2266 | D:2      | 2266 ||| Stepping ~*~*~tactically~*~*~ (stealth).
  2378 | D:2      | 2378 ||| UPGRADING to +0 scale mail.
  2388 | D:2      | 2388 ||| DROPPING +0 leather armour.
  2389 | D:2      | 2389 ||| READING 2 scrolls labelled UBUEST FOPRUER.
  2390 | D:2      | 2390 ||| READING scroll labelled KOG JOKEWN.
  2391 | D:2      | 2391 ||| READING scroll labelled GUT VUQAPO.
  2395 | D:2      | 2395 ||| READING scroll labelled SEUSETHR CEXA.
  2396 | D:2      | 2396 ||| DROPPING scroll of noise.
  2458 | D:3      | Reached skill level 5 in Axes
  2474 | D:3      | 2474 ||| FLEEEEING.
  2475 | D:3      | 2475 ||| FLEEEEING.
  2476 | D:3      | 2476 ||| FLEEEEING.
  2477 | D:3      | 2477 ||| FLEEEEING.
  2478 | D:3      | 2478 ||| FLEEEEING.
  2479 | D:3      | 2479 ||| FLEEEEING.
  2480 | D:3      | 2480 ||| FLEEEEING.
  2481 | D:3      | 2481 ||| FLEEEEING.
  2481 | D:3      | HP: 6/26 [poisoned by a kobold]
  2482 | D:3      | 2482 ||| FLEEEEING.
  2483 | D:3      | 2483 ||| FLEEEEING.
  2484 | D:3      | 2484 ||| FLEEEEING.
  2485 | D:3      | 2485 ||| FLEEEEING.
  2486 | D:3      | 2486 ||| FLEEEEING.
  2487 | D:3      | 2487 ||| FLEEEEING.
  2488 | D:3      | 2488 ||| FLEEEEING.
  2489 | D:3      | 2489 ||| FLEEEEING.
  2490 | D:3      | 2490 ||| FLEEEEING.
  2490 | D:3      | HP: 1/26 [poisoned by a kobold]
  2491 | D:3      | 2491 ||| STAIRDANCE
  2491 | D:3      | Succumbed to a kobold's poison

Levels and vault maps discovered:
D:1:      dpeg_arrival_simpleton_c, layout_rooms, serial_shops, shop_statue
D:2:      layout_basic, dreamdust_ecumenical_altar_grove,
          guppyfry_early_orc_mine
D:3:      cheibrodos_helix_gallery, layout_loops_corners,
          mainiacjoe_overflow_swirl, minmay_misc_feat_cross, uniq_jessica

Skill      XL: |  1  2  3  4 |
---------------+-------------+-----
Axes           | 3 4 5 |  5.0
Fighting       | |  2.0
Throwing       | |  1.0
Armour         | |  1.1
Dodging        | |  2.1
Spellcasting   | |  2.0
Translocations | |  2.4

Action                   |  1- 3 |  4- 6 || total
-------------------------+-------+-------++-------
Melee: Hand axe          |   123 |    20 ||   143
       Kick              |    32 |    10 ||    42
       Peck              |    18 |     2 ||    20
Throw: Boomerang         |     7 |       ||     7
  Use: Scroll            |       |     4 ||     4
Armor: Leather armour    |    25 |     4 ||    29
Dodge: Dodged            |    64 |     7 ||    71
Block: Other             |     2 |     4 ||     6
       Reflection        |       |     1 ||     1

Table legend:
 A = Non-vault XP
 B = Vault XP
 C = Vault XP percentage of total XP
 D = Non-vault monster count
 E = Vault monster count
 F = Vault count percentage of total count
                 A         B        C        D         E       F
            +---------+---------+-------+---------+---------+-------
      Total |      98 |      17 |  14.8 |      47 |       7 |  13.0
            +---------+---------+-------+---------+---------+-------
        D:1 |      41 |       0 |   0.0 |      24 |       0 |   0.0
        D:2 |      49 |      17 |  25.8 |      20 |       7 |  25.9
        D:3 |       8 |       0 |   0.0 |       3 |       0 |   0.0
            +---------+---------+-------+---------+---------+-------
